 Dungeon Crawl Stone Soup version 0.23.2-30-g0e89c35649 (webtiles) character file.

Game seed: 990640405158999015

203 senseless the Ducker (level 5, -1/42 HPs)
             Began as a Demonspawn Gladiator on June 21, 2019.
             Slain by an iguana (9 damage)
             ... on level 4 of the Dungeon.
             The game lasted 00:11:03 (2989 turns).

senseless the Ducker (Demonspawn Gladiator)         Turns: 2989, Time: 00:11:03

Health: -1/42      AC:  6    Str: 14    XL:     5   Next: 51%
Magic:  5/5        EV: 14    Int:  9    God:
Gold:   183        SH:  3    Dex: 16    Spells: 4/4 levels left

rFire    + . .     SeeInvis .   a - +1 long sword
rCold    . . .     Gourm    .   (no shield)
rNeg     . . .     Faith    .   b - +0 leather armour
rPois    .         Spirit   .   c - +0 helmet
rElec    .         Reflect  +   v - +0 cloak
rCorr    +         Harm     .   q - +0 pair of gloves
MR       .....                  (no boots)
Stlth    ++........             o - +3 amulet of reflection
HPRegen  0.14/turn              u - ring of resist corrosion
MPRegen  0.09/turn              (no ring)

@: lightly drained
A: talons 1, fire resistance 1, nightstalker 1
a: no special abilities


You were on level 4 of the Dungeon.
You were not hungry.

You visited 1 branch of the dungeon, and saw 4 of its levels.

You collected 183 gold pieces.

Inventory:

Hand Weapons
 a - a +1 long sword (weapon)
Missiles
 d - 3 throwing nets (quivered)
Armour
 b - a +0 leather armour (worn)
 c - a +0 helmet (worn)
 q - a +0 pair of gloves (worn)
 v - a +0 cloak (worn)
 x - a +1 scale mail of cold resistance
Jewellery
 e - an uncursed amulet of harm
 o - a +3 amulet of reflection (around neck)
 u - a ring of resist corrosion (left hand)
Wands
 m - a wand of scattershot (5)
 r - a wand of random effects (10)
Scrolls
 l - 2 scrolls of remove curse
Potions
 g - a potion of agility
 i - a potion of berserk rage
 j - a potion of might {unknown}
 p - 4 potions of curing {unknown}
 s - 3 potions of heal wounds {unknown}
 t - a potion of haste {unknown}
Comestibles
 f - 4 rations
 h - 2 chunks of flesh


   Skills:
 + Level 3.6 Fighting
 + Level 3.9 Long Blades
 - Level 1.7 Throwing
 + Level 3.9 Dodging


You had 4 spell levels left.
You didn't know any spells.
Your spell library was empty.

Dungeon Overview and Level Annotations

Branches:
Dungeon (4/15)
 Temple: D:4-7

Altars:
Gozag
Nemelex Xobeh


Innate Abilities, Weirdness & Mutations

You have sharp toenails.
Your flesh is heat resistant. (rF+)
You are slightly more attuned to the shadows.


Message History

You closely miss the iguana. You claw the iguana.
The iguana is severely wounded.
The iguana misses you. The iguana closely misses you.
You riposte.
You barely miss the iguana.
The iguana is severely wounded.
You closely miss the iguana. You claw the iguana, but do no damage.
The iguana is severely wounded.
The iguana closely misses you. The iguana bites you!!
You are too injured to fight recklessly!
You are too injured to fight recklessly!
You hit the iguana.
The iguana is almost dead.
The iguana bites you but does no damage.
The iguana misses you.
You hit the iguana. You claw the iguana, but do no damage.
The iguana is almost dead.
The iguana bites you!
* * * LOW HITPOINT WARNING * * *
The iguana bites you!
You die...

#####.#...รท.
#.##.#.. #.###
###.##...# ....#
#.......## ## ##.#.#
#.#.###.# ... .?#.#
###.#.###. #..#.#.#
#......... #
.#...l#.####.#.#...#.
#
......@..............
+
##...##.####.###...#.
# #.#....# #.# ..## #
##.##.## #.# ## #.
#.# #. #.. #. ## #.


You could see an iguana (berserk).

Vanquished Creatures
  Crazy Yiuf (D:3)
  A worker ant (D:4)
  Ijyb (D:3)
  Terence (D:2)
  4 adders
  An ooze (D:2)
  2 worms
  3 dart slugs
  2 leopard geckos (D:3)
  2 orcs
  7 bats
  A giant cockroach (D:1)
  6 hobgoblins
  5 jackals
  4 kobolds
  4 frilled lizards
  5 goblins
  5 rats
  A fungus (D:3)
56 creatures vanquished.

Notes
Turn   | Place    | Note
-------+----------+-------------------------------------------
     0 | D:1      | senseless the Demonspawn Gladiator began the quest for the
                  | Orb.
     0 | D:1      | Reached XP level 1. HP: 16/16 MP: 1/1
   169 | D:1      | Gained mutation: You are slightly more attuned to the
                  | shadows. [demonic ancestry]
   169 | D:1      | Reached XP level 2. HP: 17/22 MP: 2/2
   913 | D:2      | Gained mutation: You have sharp toenails. [demonic
                  | ancestry]
   913 | D:2      | Reached XP level 3. HP: 23/28 MP: 3/3
  1127 | D:2      | Found an opulent altar of Gozag.
  1128 | D:2      | Found a sparkling altar of Nemelex Xobeh.
  1325 | D:2      | Noticed Terence
  1344 | D:2      | Killed Terence
  1344 | D:2      | Reached XP level 4. HP: 26/35 MP: 4/4
  1675 | D:3      | Noticed Ijyb
  1696 | D:3      | Killed Ijyb
  1968 | D:3      | Found a faded altar of an unknown god.
  1990 | D:3      | Became a worshipper of Gozag Ym Sagoz the Greedy
  1991 | D:3      | Fell from the grace of Gozag
  2302 | D:3      | Gained mutation: Your flesh is heat resistant. (rF+)
                  | [demonic ancestry]
  2302 | D:3      | Reached XP level 5. HP: 40/41 MP: 5/5
  2688 | D:3      | Found a runed translucent door.
  2689 | D:3      | Noticed Crazy Yiuf
  2696 | D:3      | Killed Crazy Yiuf
  2989 | D:4      | Slain by an iguana

Skill      XL: |  1  2  3 |
---------------+----------+-----
Long Blades    | 3 |  3.9
Dodging        | 3 |  3.9
Fighting       | 3 |  3.6
Throwing       | |  1.7

Action                   |  1- 3 |  4- 6 || total
-------------------------+-------+-------++-------
Melee: Long sword        |    82 |    87 ||   169
       Kick              |    10 |    37 ||    47
Throw: Throwing net      |     3 |       ||     3
Invok: Renounce Religion |       |     1 ||     1
  Use: Scroll            |       |    11 ||    11
 Stab: Sleeping          |     6 |     4 ||    10
  Eat: Chunk             |     1 |     4 ||     5
       Ration            |       |     1 ||     1
Armor: Leather armour    |    36 |     9 ||    45
Dodge: Dodged            |    59 |    44 ||   103
Block: Other             |     6 |     9 ||    15
       Rpst.: Long sword |    26 |    16 ||    42
